 Dungeon Crawl Stone Soup version 0.28.0-45-g0d030f2227 (webtiles) character file.

Game seed: 12006673005752746573

33 sking99 the Skirmisher (level 3, 40/40 HPs)
             Began as an Ogre Fighter on May 19, 2022.
             Quit the game on level 2 of the Dungeon.
             The game lasted 00:01:04 (1356 turns).

sking99 the Skirmisher (Ogre Fighter)               Turns: 1356, Time: 00:01:04

Health: 40/40      AC:  3    Str: 22    XL:     3   Next: 29%
Magic:  3/3        EV:  8    Int:  9    God:
Gold:   20         SH:  7    Dex:  8    Spells: 2/2 levels left

rFire   . . .      SeeInvis .   a - +0 flail
rCold   . . .      Faith    .   c - +0 kite shield
rNeg    . . .      Spirit   .   b - +0 robe
rPois   .          Reflect  .   (helmet restricted)
rElec   .          Harm     .   (no cloak)
rCorr   .          Rampage  .   (gloves unavailable)
Will    .....                   (boots unavailable)
Stlth   +.........              (no amulet)
HPRegen 0.13/turn               (no ring)
MPRegen 0.08/turn               (no ring)

@: no status effects
A: large, unfitting armour, tough skin 1
a: no special abilities


You were on level 2 of the Dungeon.
You visited 1 branch of the dungeon, and saw 2 of its levels.

You collected 20 gold pieces.

Inventory:

Hand Weapons
 a - a +0 flail (weapon)
Armour
 b - a +0 robe (worn)
 c - a +0 kite shield (worn)
Jewellery
 e - a ring of resist corrosion
Scrolls
 f - a scroll of fog {unknown}
Potions
 d - a potion of might


   Skills:
 + Level 4.4 Fighting
 * Level 2.6 Maces & Flails
 - Level 2.6 Dodging
 + Level 3.0 Shields


You had 2 spell levels left.
You didn't know any spells.
Your spell library was empty.

Dungeon Overview and Level Annotations

Branches:
Dungeon (2/15)

Altars:


Innate Abilities, Weirdness & Mutations

You are too large for most types of armour.
You have tough skin. (AC +1)


Message History

An endoplasm is nearby!
The endoplasm quivers.
You hit the endoplasm.
You kill the endoplasm!
A giant cockroach comes into view.
You completely miss the giant cockroach.
You block the giant cockroach's attack. The giant cockroach bites you.
You hit the giant cockroach.
The giant cockroach is moderately wounded.
The giant cockroach bites you but does no damage. x2
You barely miss the giant cockroach.
The giant cockroach is moderately wounded.
The giant cockroach bites you.
You hit the giant cockroach.
You kill the giant cockroach!
You start resting.
HP restored.
A dart slug comes into view.
A dart slug is nearby!
You hit the dart slug.
The dart slug is moderately wounded.
The dart slug launches a dart at you. The slug dart misses you.
You hit the dart slug but do no damage.
The dart slug is moderately wounded.
The dart slug barely misses you.
You sock the dart slug!
You kill the dart slug!
No target in view!
You see here a dart slug corpse.
You see here a dart slug corpse.
You open the door.
There is an open door here.
You now have 20 gold pieces (gained 3).
You open the door.
There is an open door here.
There is an open door here.
A kobold comes into view. It is wielding a +0 dagger.
A kobold is nearby!
Are you sure you want to abandon this character and quit the game? (Confirm with "yes".)

#.#..########.#.#..#.# #
#####.#..##.......#.#..#.#.#
#.....#..##.####..#.#..#.#.#
####.#####..#. #..#.#..#.#.#
#...........#.#####..#.#..#.#.#
#.##.######.#........#.#..#.#.#
#.#.......#.#..###.###.#..#.#.#
#.#######.#.#..#.......#....#.#
#.........#.#.@##########.###.#
#############.#.................#
..............#.######...##.#####
.##############. #...'...'...#...
.# #. #.###...####.... .# #. #.#
#...# #.... .# #. #.# #...# #(...
.# K. #.# #...#####+## .# #.#
#...##......


You could see a kobold (asleep).

Vanquished Creatures
  An adder (D:2)
  A dart slug (D:2)
  2 bats (D:1)
  2 endoplasms
  3 giant cockroaches
  2 goblins (D:1)
  A hobgoblin (D:1)
  3 quokkas
  2 ball pythons (D:1)
  A rat (D:1)
18 creatures vanquished.

Notes
Turn   | Place    | Note
-------+----------+-------------------------------------------
     0 | D:1      | sking99 the Ogre Fighter began the quest for the Orb.
     0 | D:1      | Reached XP level 1. HP: 24/24 MP: 1/1
   277 | D:1      | Reached XP level 2. HP: 30/32 MP: 2/2
   345 | D:1      | Found a faded altar of an unknown god.
  1122 | D:2      | Reached XP level 3. HP: 40/40 MP: 3/3
  1356 | D:2      | Quit the game

Illustrated notes

Levels and vault maps discovered:
D:1:      dpeg_arrival_chambers_temple_mockup, layout_basic,
          chequers_ecumenical_altar_lobes, kennysheep_pointless_box
D:2:      layout_basic

Skill      XL: |  1  2 |
---------------+-------+-----
Maces & Flails | 2 |  2.6
Shields        | 3 |  3.0
Fighting       | |  4.4
Dodging        | |  2.6

Action                   || total
-------------------------++-------
Melee: Flail             ||    43
Armor: Robe              ||    12
Dodge: Dodged            ||    12
Block: Kite shield       ||     9
